 Dungeon Crawl Stone Soup version 0.18.1-50-g88ac8fd (webtiles) character file.

3111 grisgris the Covert (level 9, -5/61 HPs)
             Began as a Vampire Enchanter on Oct 24, 2016.
             Was an Initiate of Sif Muna.
             Slain by a sixfirhy (7 damage)
             ... summoned by an orc high priest
             ... in a bailey.
             The game lasted 00:24:18 (7397 turns).

grisgris the Covert (Vampire Enchanter)             Turns: 7397, Time: 00:24:19

Health: -5/61      AC:  9    Str:  7    XL:     9   Next: 60%
Magic:  0/17       EV: 15    Int: 20    God:    Sif Muna [......]
Gold:   269        SH:  0    Dex: 18    Spells: 3 memorised, 13 levels left

rFire  . . .     SeeInvis +     o - +2 dagger (venom)
rCold  + . .     Gourm    .     b - +1 robe
rNeg   + + .     Faith    .     (no shield)
rPois  +         Spirit   +     (no helmet)
rElec  .         Dismiss  .     l - +0 cloak {MR+}
rCorr  .         Reflect  .     (no gloves)
SustAt .         Harm     .     i - +2 pair of boots
MR     ++...                    f - amulet of guardian spirit
Stlth  +++++++...               n - +3 ring of dexterity
                                e - ring of protection from magic

@: regenerating slowly, drained, very resistant to hostile enchantments,
extremely stealthy
A: fangs 3, thin metallic scales 1, see invisible, unbreathing
a: Bat Form, Renounce Religion


You were in a bailey.
You worshipped Sif Muna.
Sif Muna was noncommittal.
You were very thirsty.

You visited 2 branches of the dungeon, and saw 9 of its levels.
You also visited: Bailey.

You collected 269 gold pieces.

Inventory:

Hand Weapons
 a - a +1 dagger
 o - a +2 dagger of venom (weapon)
 t - a +1 dagger of venom
 v - a +0 dagger of chaos
Armour
 b - a +1 robe (worn)
 i - a +2 pair of boots (worn)
 l - a +0 cloak of magic resistance (worn)
Jewellery
 e - a ring of protection from magic (left hand)
 f - an amulet of guardian spirit (around neck)
 j - a cursed ring of teleportation
 n - a +3 ring of dexterity (right hand)
 r - an uncursed ring of fire
 s - an uncursed ring of protection from magic
Scrolls
 g - a scroll of teleportation
 m - 4 scrolls of identify
 p - a scroll of magic mapping
 q - a scroll of remove curse
Potions
 h - 2 potions of flight
 u - a potion of cure mutation
Books
 c - a book of Maledictions

   Spells                             Type                      Level
   a - Corona                         Hexes                        1
   b - Ensorcelled Hibernation        Hexes/Ice                    2
   c - Confuse                        Hexes                        3
   d - Tukima's Dance                 Hexes                        3
   e - Dazzling Spray                 Conjuration/Hexes            3


   Skills:
 + Level 1.7(1.6) Fighting
 + Level 2.5(2.3) Short Blades
 + Level 4.6(4.4) Dodging
 * Level 14.3(14.1) Stealth
 + Level 5.5(5.3) Spellcasting
 + Level 8.7(8.5) Hexes
 + Level 3.0(2.8) Ice Magic


You had 13 spell levels left.
You knew the following spells:

 Your Spells              Type           Power        Failure   Level  Hunger
a - Ensorcelled Hibernat  Hex/Ice        ####..       1%          2    None
b - Confuse               Hex            #####...     1%          3    ##.....
c - Corona                Hex            #####..      1%          1    None


Dungeon Overview and Level Annotations

Branches:
Dungeon (8/15)             Temple (1/1) D:4
   Lair: D:8-11

Altars:
Ashenzari
Cheibriados
Elyvilon
Kikubaaqudgha
Makhleb
Nemelex Xobeh
Okawaru
Pakellas
Ru
Sif Muna
Trog
Xom
Yredelemnul
Zin

Shops:
D:4 *


Innate Abilities, Weirdness & Mutations

You heal slowly.
You have razor-sharp teeth.
You have supernaturally acute eyesight.
You can survive without breathing.
You are partially covered in thin metallic scales (AC +2).


Message History

Casting: Ensorcelled Hibernation
Confirm with . or Enter, or press ? or * to list all spells.
Aiming: Confuse
Press: ? - help, Shift-Dir - straight line, f - orc high priest
Aim: an orc high priest, wielding a war axe and wearing a scale mail (chance to defeat MR: 32%)
The orc high priest appears confused.
The sixfirhy barely misses you.
The orc high priest hits the sixfirhy with a war axe.
The sixfirhy closely misses you. x2; The sixfirhy hits you.
* * * LOW HITPOINT WARNING * * *
The sixfirhy shocks you!
* * * LOW HITPOINT WARNING * * *
The sixfirhy misses you.
You don't have enough magic at the moment.
Unknown command.
Okay, then.
The sixfirhy barely misses you. The sixfirhy closely misses you.
The sixfirhy hits you.
* * * LOW HITPOINT WARNING * * *
The sixfirhy shocks you!
You die...

≈≈≈≈≈≈≈≈≈≈...≈≈≈≈≈≈≈≈≈≈
≈≈≈≈≈≈≈≈≈≈...≈≈≈≈≈≈≈≈≈≈
≈≈≈≈≈≈≈≈≈≈...≈≈≈≈≈≈≈≈≈≈
≈≈≈≈≈≈≈≈≈≈...≈≈≈≈≈≈≈≈≈≈
######≈≈≈≈...≈≈≈≈######
#...........#
#####'''#####
+.....'..# +.).).@..#
#..)..#4.####
#...).#.....#
#..)..#...8.#
#######.....#
###########)8.#
........gg)o..#
.........o..8.#
....._........+


You could see an orc high priest (confused) and a sixfirhy.

Vanquished Creatures
  The ghost of Nahar the Magician, a novice DEIE of Vehumet (D:5)
  A two-headed ogre (D:8)
  Grinder (D:6)
  A hippogriff (D:8)
  A hungry ghost (D:8)
  A water moccasin (D:7)
  6 orc warriors
  2 phantoms
  A sky beast (D:6)
  2 ogres
  Blork the orc (D:6)
  2 giant frogs
  A howler monkey (D:5)
  2 crimson imps (D:6)
  4 orc priests (D:6)
  A centaur skeleton (D:4)
  A hound (D:6)
  A jelly (D:5)
  Crazy Yiuf (D:5)
  A gnoll shaman (D:5)
  7 orc wizards
  2 worker ants
  A hound zombie (D:6)
  A hound skeleton (D:6)
  8 gnolls (D:5)
  2 howler monkey skeletons
  5 adders
  An ooze (D:2)
  4 worms
  4 dart slugs
  6 giant geckos
  21 orcs
  4 giant cockroaches
  12 hobgoblins
  11 jackals
  8 kobolds
  3 quokkas
  2 ball pythons (D:2)
  12 bats
  A giant gecko skeleton (D:4)
  5 giant newts
  10 goblins
  A jackal skeleton (D:5)
  12 rats
175 creatures vanquished.

Vanquished Creatures (others)
  A hobgoblin (Bailey)
  10 fungi (D:4)
11 creatures vanquished.

Grand Total: 186 creatures vanquished

Notes
Turn   | Place    | Note
--------------------------------------------------------------
     0 | D:1      | grisgris the Vampire Enchanter began the quest for the Orb.
     0 | D:1      | Reached XP level 1. HP: 13/13 MP: 3/3
   135 | D:1      | Reached XP level 2. HP: 15/19 MP: 5/5
   139 | D:1      | Learned a level 2 spell: Ensorcelled Hibernation
   339 | D:1      | Reached skill level 5 in Stealth
   597 | D:2      | Reached XP level 3. HP: 24/24 MP: 2/6
   607 | D:2      | Reached skill level 5 in Hexes
  1173 | D:2      | Learned a level 3 spell: Confuse
  1238 | D:2      | Reached XP level 4. HP: 31/31 MP: 4/7
  1734 | D:3      | Reached skill level 6 in Stealth
  1876 | D:3      | Reached skill level 1 in Ice Magic
  2477 | D:4      | Found a sacrificial altar of Ru.
  2579 | D:4      | Found a shattered altar of Ashenzari.
  2580 | D:4      | Found an oddly glowing altar of Pakellas.
  2628 | D:4      | Found an iron altar of Okawaru.
  2669 | D:4      | Noticed a phantom
  2702 | D:4      | Killed a phantom
  2702 | D:4      | Reached skill level 7 in Stealth
  2702 | D:4      | Reached XP level 5. HP: 30/36 MP: 0/9
  2796 | D:4      | Noticed an ogre
  2803 | D:4      | Killed an ogre
  2803 | D:4      | Reached XP level 6. HP: 42/42 MP: 10/10
  2807 | D:4      | Found a staircase to the Ecumenical Temple.
  2819 | Temple   | Entered the Ecumenical Temple
  3911 | D:4      | Found Pyrhujyu's General Store.
  4240 | D:5      | Entered Level 5 of the Dungeon
  4298 | D:5      | Found a sparkling altar of Nemelex Xobeh.
  4390 | D:5      | Reached skill level 8 in Stealth
  4628 | D:5      | Reached XP level 7. HP: 47/47 MP: 5/12
  4828 | D:5      | Found a basalt altar of Yredelemnul.
  4859 | D:5      | Noticed Blork the orc
  4868 | D:5      | Noticed Nahar's ghost (novice DEIE)
  4869 | D:5      | Noticed Crazy Yiuf
  5070 | D:4      | Gained mutation: Your magical capacity is low (-10% MP). [potion of mutation]
  5070 | D:4      | Gained mutation: You are partially covered in thin metallic scales (AC +2). [potion of mutation]
  5070 | D:4      | Lost mutation: Your magical capacity is low (-10% MP). [potion of mutation]
  5202 | D:5      | Reached skill level 9 in Stealth
  5687 | D:6      | Killed Blork the orc
  5729 | D:6      | Noticed Grinder
  5733 | D:6      | Killed Grinder
  5733 | D:6      | Reached skill level 10 in Stealth
  5733 | D:6      | Reached XP level 8. HP: 49/53 MP: 14/14
  6004 | D:6      | Reached skill level 1 in Fighting
  6120 | D:6      | Reached skill level 11 in Stealth
  6172 | D:6      | Found a burning altar of Makhleb.
  6172 | D:6      | Found a shimmering altar of Xom.
  6435 | D:6      | Reached skill level 12 in Stealth
  6435 | D:6      | Reached skill level 5 in Spellcasting
  6589 | D:6      | Found a deep blue altar of Sif Muna.
  6596 | D:6      | Became a worshipper of Sif Muna the Loreminder
  6793 | D:5      | Killed Nahar's ghost
  6793 | D:5      | Reached XP level 9. HP: 56/59 MP: 7/16
  6799 | D:5      | Killed Crazy Yiuf
  7020 | D:6      | Reached skill level 13 in Stealth
  7284 | D:8      | Reached skill level 14 in Stealth
  7301 | D:8      | Found a flagged portal.
  7311 | Bailey   | Entered a bailey
  7364 | Bailey   | Found an iron altar of Okawaru.
  7364 | Bailey   | Noticed an orc sorcerer
  7364 | Bailey   | Noticed an orc high priest
  7387 | Bailey   | Noticed a sixfirhy
  7397 | Bailey   | HP: 2/61 [sixfirhy[an orc high priest] (5)]
  7397 | Bailey   | Slain by a sixfirhy

Skill      XL: |  1  2  3  4  5  6  7  8  9 |
---------------+----------------------------+-----
Stealth        | 5 7 8 10 12 14 | 14.3
Hexes          | 5 7 8 |  8.7
Ice Magic      | 1 2 3 |  3.0
Dodging        | 3 4 |  4.6
Spellcasting   | 3 4 5 |  5.5
Fighting       | 1 |  1.7
Short Blades   | 2 |  2.5

Action                   |  1- 3 |  4- 6 |  7- 9 || total
-------------------------+-------+-------+-------++-------
Melee: Dagger            |   116 |   153 |   132 ||   401
       Bite              |     6 |    14 |    11 ||    31
 Cast: Corona            |     2 |       |       ||     2
       Ensorcelled Hiber |    25 |    46 |    50 ||   121
       Confuse           |       |     7 |    23 ||    30
 Abil: End Transformatio |       |       |     1 ||     1
       Bat Form          |       |       |     1 ||     1
  Use: Scroll            |     2 |     5 |     6 ||    13
       Potion            |       |     5 |     1 ||     6
 Stab: Sleeping          |    28 |    39 |    55 ||   122
       Distracted        |     1 |       |     1 ||     2
       Confused          |       |     5 |     7 ||    12
Armor: Robe              |    33 |    39 |    42 ||   114
Dodge: Dodged            |    90 |    85 |    75 ||   250
